3AA
BILLINGS POLAR BEARS @ BARTON SPRINGS BLUES
09/04/2042
 
TOP OF THE 1ST
Billings Polar Bears batting - Pitching for Barton Springs Blues : RHP Brian Patterson
Pitching: RHP Brian Patterson
Batting: SHB Leonardo Rodríguez 0-0: Ball
1-0: Called Strike
1-1: Swinging Strike
1-2: Foul Ball, location: 2F
1-2: Strikes out swinging
Batting: RHB Shalom Gestel 0-0: SINGLE (Line Drive, 4D, EV 95.6 MPH)
Batting: RHB Rupert Bethune 0-0: Called Strike
0-1: SINGLE (Line Drive, 6MD, EV 99.4 MPH)
Shalom Gestel to second
Runner from 2nd tries for 3rd, SAFE, throw by CF made to third
Batting: LHB Jorge Cruz 0-0: Called Strike
0-1: Foul Ball, location: 2F
0-2: Ball
1-2: Ball
2-2: Strikes out swinging
Batting: RHB Jose Reginalde 0-0: Ball
Rupert Bethune steals 2nd base
1-0: Fly out, F9 (Line Drive, 9D, EV 94.4 MPH)
Top of the 1st over - 0 runs, 2 hits, 0 errors, 2 left on base; Billings 0 - Barton Springs 0
BOTTOM OF THE 1ST
Barton Springs Blues batting - Pitching for Billings Polar Bears : RHP Austin Cunningham
Pitching: RHP Austin Cunningham
Batting: RHB Steffen Schulte 0-0: Called Strike
0-1: Fly out, F4 (Popup, 4, EV 78.8 MPH)
Batting: RHB Donald Martin 0-0: Called Strike
0-1: Ball
1-1: Ball
2-1: Fly out, F9 (Flyball, 89D, EV 83.8 MPH)
Batting: RHB Donnie Haggard 0-0: SINGLE (Line Drive, 9S, EV 92.5 MPH)
Batting: SHB Bill Gatacre 0-0: Ball
1-0: Foul Ball, location: 2F
1-1: Ball
2-1: Swinging Strike
2-2: Strikes out swinging
Bottom of the 1st over - 0 runs, 1 hit, 0 errors, 1 left on base; Billings 0 - Barton Springs 0
TOP OF THE 2ND
Billings Polar Bears batting - Pitching for Barton Springs Blues : RHP Brian Patterson
Batting: RHB Gary Panniers 0-0: Swinging Strike
0-1: Called Strike
0-2: Foul Ball, location: 2F
0-2: Strikes out swinging
Batting: LHB Stanley Bell 0-0: Foul Ball, location: 2F
0-1: SINGLE (Line Drive, 7S, EV 112.5 MPH)
Batting: RHB Pleun Vleugel 0-0: Ball
1-0: Ball
2-0: DOUBLE (Flyball, 8RXD, EV 91.2 MPH)
Stanley Bell to third
Batting: RHB Michael Mack 0-0: Ball
1-0: Foul Ball, location: 2F
1-1: Ball
2-1: Foul Ball, location: 2F
2-2: Strikes out looking
Batting: SHB Leonardo Rodríguez 0-0: Foul Ball, location: 2F
0-1: Foul Ball, location: 2F
0-2: Ball
1-2: Ball
2-2: Foul Ball, location: 2F
2-2: Foul Ball, location: 2F
2-2: SINGLE (Line Drive, 89M, EV 108.1 MPH)
Stanley Bell scores
Pleun Vleugel to third
Batting: RHB Shalom Gestel 0-0: Ball
1-0: Foul Ball, location: 2F
1-1: Swinging Strike
1-2: Strikes out swinging
Top of the 2nd over - 1 run, 3 hits, 0 errors, 2 left on base; Billings 1 - Barton Springs 0
BOTTOM OF THE 2ND
Barton Springs Blues batting - Pitching for Billings Polar Bears : RHP Austin Cunningham
Batting: LHB Ben Chell 0-0: Foul Ball, location: 2F
0-1: Called Strike
0-2: Ball
1-2: Ball
2-2: Foul Ball, location: 2F
2-2: Ball
3-2: SOLO HOME RUN (Flyball, 9D, EV 90.0 MPH), Distance : 362 ft
Batting: RHB Shawn Mullins 0-0: Foul Ball, location: 2F
0-1: Ball
1-1: Called Strike
1-2: Foul Ball, location: 2F
1-2: Ball
2-2: Ground out 4-3 (Groundball, 34D, EV 103.8 MPH)
Batting: RHB Ken Rodríguez 0-0: Ball
1-0: Called Strike
1-1: Called Strike
1-2: Ball
2-2: Ball
3-2: SINGLE (Line Drive, 6MD, EV 108.8 MPH)
Batting: RHB Ger Jobse 0-0: Called Strike
0-1: TRIPLE (Line Drive, 78XD, EV 106.2 MPH)
Ken Rodríguez scores
Batting: RHB John Polk 0-0: Ball
1-0: Ball
2-0: Ball
3-0: Base on Balls
Batting: RHB Steffen Schulte 0-0: Called Strike
John Polk steals 2nd base
0-1: Swinging Strike
0-2: Ball
1-2: Ground out 6-3 (Groundball, 6S, EV 72.5 MPH)
Ger Jobse scores
John Polk to third
Batting: RHB Donald Martin 0-0: Called Strike
0-1: Hit by Pitch
Batting: RHB Donnie Haggard 0-0: Ball
1-0: Swinging Strike
1-1: Ball
2-1: DOUBLE (Line Drive, 89D, EV 113.1 MPH)
John Polk scores
Donald Martin to third
Runner from 3rd tries for Home, SAFE, throw by RF to trailing runner, SAFE at third!
Batting: SHB Bill Gatacre 0-0: Fly out, F7 (Flyball, 78D, EV 76.2 MPH)
Bottom of the 2nd over - 5 runs, 4 hits, 0 errors, 1 left on base; Billings 1 - Barton Springs 5
TOP OF THE 3RD
Billings Polar Bears batting - Pitching for Barton Springs Blues : RHP Brian Patterson
Batting: RHB Rupert Bethune 0-0: Ball
1-0: Called Strike
1-1: Ball
2-1: Ball
3-1: Foul Ball, location: 2F
3-2: TRIPLE (Flyball, 78XD, EV 101.9 MPH)
Batting: LHB Jorge Cruz 0-0: Ball
1-0: Called Strike
1-1: Ball
2-1: Ball
3-1: Swinging Strike
3-2: Base on Balls
Batting: RHB Jose Reginalde 0-0: Ball
1-0: Called Strike
1-1: Ball
2-1: Foul Ball, location: 2F
2-2: Strikes out swinging
Batting: RHB Gary Panniers 0-0: Ball
1-0: Ball
2-0: Foul Ball, location: 2F
2-1: Hit by Pitch
Jorge Cruz to second
Batting: LHB Stanley Bell 0-0: Called Strike
0-1: Ball
1-1: Swinging Strike
1-2: Strikes out swinging
Batting: RHB Pleun Vleugel 0-0: Ball
1-0: Foul Ball, location: 2F
1-1: Foul Ball, location: 2F
1-2: Ball
2-2: Ball
3-2: Fly out, F3 (Popup, 3SF, EV 80.0 MPH)
Top of the 3rd over - 0 runs, 1 hit, 0 errors, 3 left on base; Billings 1 - Barton Springs 5
BOTTOM OF THE 3RD
Barton Springs Blues batting - Pitching for Billings Polar Bears : RHP Austin Cunningham
Batting: LHB Ben Chell 0-0: Ball
1-0: Ball
2-0: Foul Ball, location: 2F
2-1: Ball
3-1: Foul Ball, location: 2F
3-2: Fly out, F7 (Line Drive, 7, EV 106.9 MPH)
Batting: RHB Shawn Mullins 0-0: Ball
1-0: Foul Ball, location: 2F
1-1: Foul Ball, location: 2F
1-2: Ground out 5-3 (Groundball, 56, EV 108.8 MPH)
Batting: RHB Ken Rodríguez 0-0: Swinging Strike
0-1: Called Strike
0-2: Ball
1-2: Ball
2-2: Foul Ball, location: 2F
2-2: Ground out 5-3 (Groundball, 5S, EV 66.9 MPH)
Bottom of the 3rd over - 0 runs, 0 hits, 0 errors, 0 left on base; Billings 1 - Barton Springs 5
TOP OF THE 4TH
Billings Polar Bears batting - Pitching for Barton Springs Blues : RHP Brian Patterson
Batting: RHB Michael Mack 0-0: Swinging Strike
0-1: Called Strike
0-2: Foul Ball, location: 2F
0-2: Ball
1-2: Fly out, F7 (Flyball, 7, EV 80.6 MPH)
Batting: SHB Leonardo Rodríguez 0-0: Swinging Strike
0-1: Swinging Strike
0-2: Strikes out swinging
Batting: RHB Shalom Gestel 0-0: Ball
1-0: Called Strike
1-1: Fly out, F8 (Line Drive, 8RD, EV 87.5 MPH)
Top of the 4th over - 0 runs, 0 hits, 0 errors, 0 left on base; Billings 1 - Barton Springs 5
BOTTOM OF THE 4TH
Barton Springs Blues batting - Pitching for Billings Polar Bears : RHP Austin Cunningham
Batting: RHB Ger Jobse 0-0: Ground out 3-1 (Groundball, 34, EV 80.0 MPH)
Batting: RHB John Polk 0-0: Ball
1-0: Called Strike
1-1: Ball
2-1: Swinging Strike
2-2: Ball
3-2: Base on Balls
Batting: RHB Steffen Schulte 0-0: Ball
1-0: Ball
2-0: Ball
3-0: Base on Balls
John Polk to second
Batting: RHB Donald Martin 0-0: Ball
1-0: Ball
2-0: Fly out, F7 (Line Drive, 7S, EV 98.1 MPH)
Batting: RHB Donnie Haggard 0-0: Ball
1-0: Reached on error, E5 (Groundball, 5S, EV 78.8 MPH)
John Polk to third
Steffen Schulte to second
Pitching: RHP Darrel Parker
Batting: SHB Bill Gatacre 0-0: Ball
1-0: Ball
2-0: Called Strike
2-1: Ball
3-1: Ground out 5-3 (Groundball, 56S, EV 90.0 MPH)
Bottom of the 4th over - 0 runs, 0 hits, 1 error, 3 left on base; Billings 1 - Barton Springs 5
TOP OF THE 5TH
Billings Polar Bears batting - Pitching for Barton Springs Blues : RHP Brian Patterson
Batting: RHB Rupert Bethune 0-0: Foul Ball, location: 2F
0-1: Ball
1-1: SOLO HOME RUN (Flyball, 7LD, EV 94.4 MPH), Distance : 366 ft
Batting: LHB Jorge Cruz 0-0: Foul Ball, location: 2F
0-1: Ball
1-1: Ball
2-1: Foul Ball, location: 2F
2-2: Ball
3-2: Base on Balls
Batting: RHB Jose Reginalde 0-0: Swinging Strike
0-1: Grounds into double play, 5-4-3 (Groundball, 56, EV 100.0 MPH)
Batting: RHB Gary Panniers 0-0: Ball
1-0: Ball
2-0: Ball
3-0: Swinging Strike
3-1: Base on Balls
Batting: LHB Stanley Bell 0-0: Ball
1-0: Fly out, F9 (Flyball, 9, EV 85.0 MPH)
Top of the 5th over - 1 run, 1 hit, 0 errors, 1 left on base; Billings 2 - Barton Springs 5
BOTTOM OF THE 5TH
Barton Springs Blues batting - Pitching for Billings Polar Bears : RHP Darrel Parker
Batting: LHB Ben Chell 0-0: Ball
1-0: Ground out 5-3 (Groundball, 5, EV 79.4 MPH)
Batting: RHB Shawn Mullins 0-0: Swinging Strike
0-1: Ball
1-1: Foul Ball, location: 2F
1-2: Fly out, F9 (Line Drive, 9, EV 95.0 MPH)
Batting: RHB Ken Rodríguez 0-0: Foul Ball, location: 2F
0-1: Foul Ball, location: 2F
0-2: Ball
1-2: Ground out 5-3 (Groundball, 56, EV 91.2 MPH)
Bottom of the 5th over - 0 runs, 0 hits, 0 errors, 0 left on base; Billings 2 - Barton Springs 5
TOP OF THE 6TH
Billings Polar Bears batting - Pitching for Barton Springs Blues : RHP Brian Patterson
Pitching: RHP Denny Matthews
Batting: RHB Pleun Vleugel 0-0: Ball
1-0: Foul Ball, location: 2F
1-1: Fly out, F4 (Popup, 4MD, EV 54.4 MPH)
Batting: RHB Michael Mack 0-0: Called Strike
0-1: Ball
1-1: Foul Ball, location: 2F
1-2: SINGLE (Groundball, 6MD, EV 96.9 MPH)
Batting: SHB Leonardo Rodríguez 0-0: Called Strike
0-1: Swinging Strike
0-2: Foul Ball, location: 2F
0-2: Ball
1-2: Foul Ball, location: 2F
1-2: Foul Ball, location: 2F
1-2: Ball
2-2: Ball
3-2: Foul Ball, location: 2F
3-2: Foul Ball, location: 2F
3-2: Foul Ball, location: 2F
3-2: Base on Balls
Michael Mack to second
Batting: RHB Shalom Gestel 0-0: Ball
1-0: Ball
2-0: Foul Ball, location: 2F
2-1: Ball
3-1: Fly out, F7 (Line Drive, 7, EV 94.4 MPH)
Batting: RHB Rupert Bethune 0-0: Called Strike
0-1: Ball
1-1: Fly out, F3 (Popup, 23F, EV 75.0 MPH)
Top of the 6th over - 0 runs, 1 hit, 0 errors, 2 left on base; Billings 2 - Barton Springs 5
BOTTOM OF THE 6TH
Barton Springs Blues batting - Pitching for Billings Polar Bears : RHP Darrel Parker
Batting: RHB Ger Jobse 0-0: Ball
1-0: Called Strike
1-1: Fly out, F7 (Flyball, 78S, EV 88.1 MPH)
Batting: RHB John Polk 0-0: Ball
1-0: Called Strike
1-1: Ball
2-1: Foul Ball, location: 2F
2-2: Ground out 6-3 (Groundball, 6, EV 82.5 MPH)
Batting: RHB Steffen Schulte 0-0: Ball
1-0: Ball
2-0: Ball
3-0: Called Strike
3-1: Base on Balls
Batting: RHB Donald Martin 0-0: Swinging Strike
0-1: Swinging Strike
0-2: Ball
1-2: Ball
2-2: Foul Ball, location: 2F
2-2: Foul Ball, location: 2F
2-2: Ball
3-2: Ground out 6-3 (Groundball, 6, EV 78.1 MPH)
Bottom of the 6th over - 0 runs, 0 hits, 0 errors, 1 left on base; Billings 2 - Barton Springs 5
TOP OF THE 7TH
Billings Polar Bears batting - Pitching for Barton Springs Blues : RHP Denny Matthews
Batting: LHB Jorge Cruz 0-0: Ground out 4-3 (Groundball, 4, EV 82.5 MPH)
Batting: RHB Jose Reginalde 0-0: Called Strike
0-1: Called Strike
0-2: Ball
1-2: Strikes out looking
Batting: RHB Gary Panniers 0-0: Called Strike
0-1: Ball
1-1: Ball
2-1: Foul Ball, location: 2F
2-2: Ground out U3 (Groundball, 34, EV 103.1 MPH)
Top of the 7th over - 0 runs, 0 hits, 0 errors, 0 left on base; Billings 2 - Barton Springs 5
BOTTOM OF THE 7TH
Barton Springs Blues batting - Pitching for Billings Polar Bears : RHP Darrel Parker
Pitching: RHP Steve Perkins
Batting: RHB Donnie Haggard 0-0: Called Strike
0-1: Ball
1-1: Swinging Strike
1-2: Strikes out swinging
Batting: SHB Bill Gatacre 0-0: Called Strike
0-1: SOLO HOME RUN (Flyball, 89XD, EV 91.2 MPH), Distance : 412 ft
Batting: LHB Ben Chell 0-0: Called Strike
0-1: Ball
1-1: Foul Ball, location: 2F
1-2: Foul Ball, location: 2F
1-2: DOUBLE (Flyball, 8RXD, EV 99.4 MPH)
Batting: RHB Shawn Mullins 0-0: Ball
1-0: Ball
2-0: Ground out 6-3 (Groundball, 6, EV 91.9 MPH)
Batting: RHB Ken Rodríguez 0-0: Ball
1-0: Ball
2-0: Swinging Strike
2-1: Ball
3-1: Foul Ball, location: 2F
3-2: Foul Ball, location: 2F
3-2: Foul Ball, location: 2F
3-2: Base on Balls
Pitching: RHP Marty Brooks
Batting: RHB Ger Jobse 0-0: Called Strike
0-1: Fly out, F8 (Flyball, 8RD, EV 102.5 MPH)
Bottom of the 7th over - 1 run, 2 hits, 0 errors, 2 left on base; Billings 2 - Barton Springs 6
TOP OF THE 8TH
Billings Polar Bears batting - Pitching for Barton Springs Blues : RHP Denny Matthews
Batting: LHB Stanley Bell 0-0: Fly out, F5 (Popup, 5S, EV 75.0 MPH)
Pitching: RHP Ralph Dunn
Batting: RHB Pleun Vleugel 0-0: Foul Ball, location: 2F
0-1: Ball
1-1: Swinging Strike
1-2: SINGLE (Flyball, 78S, EV 93.8 MPH)
Batting: RHB Michael Mack 0-0: Ball
1-0: Foul Ball, location: 2F
1-1: Called Strike
1-2: Ball
2-2: Ball
3-2: Base on Balls
Pleun Vleugel to second
Batting: SHB Leonardo Rodríguez 0-0: Called Strike
0-1: Grounds out, U3 (Groundball, 3L, EV 83.1 MPH)
Pleun Vleugel to third
Batting: RHB Shalom Gestel 0-0: Called Strike
0-1: Foul Ball, location: 2F
0-2: Foul Ball, location: 2F
0-2: Ball
1-2: Ground out 6-3 (Groundball, 6M, EV 79.4 MPH)
Top of the 8th over - 0 runs, 1 hit, 0 errors, 2 left on base; Billings 2 - Barton Springs 6
BOTTOM OF THE 8TH
Barton Springs Blues batting - Pitching for Billings Polar Bears : RHP Marty Brooks
Batting: RHB John Polk 0-0: Called Strike
0-1: Ball
1-1: Called Strike
1-2: Foul Ball, location: 2F
1-2: Ground out 6-3 (Groundball, 56, EV 94.4 MPH)
Batting: RHB Steffen Schulte 0-0: SINGLE (Line Drive, 3D, EV 93.8 MPH)
Batting: RHB Donald Martin 0-0: Ball
1-0: Swinging Strike
1-1: Ball
2-1: SINGLE (Groundball, 6MD, EV 105.6 MPH)
Steffen Schulte to second
Batting: RHB Donnie Haggard 0-0: Called Strike
0-1: Ball
1-1: Ball
2-1: Ball
3-1: SINGLE (Groundball, 56S, EV 65.0 MPH) (infield hit)
Steffen Schulte to third
Donald Martin to second
Batting: SHB Bill Gatacre 0-0: Fielders Choice at 2nd, 3-6 (Groundball, 34, EV 105.6 MPH)
Steffen Schulte scores
Donald Martin to third
Batting: LHB Ben Chell 0-0: Ground out 6-3 (Groundball, 6M, EV 85.0 MPH)
Bottom of the 8th over - 1 run, 3 hits, 0 errors, 2 left on base; Billings 2 - Barton Springs 7
TOP OF THE 9TH
Billings Polar Bears batting - Pitching for Barton Springs Blues : RHP Ralph Dunn
Batting: RHB Rupert Bethune 0-0: Called Strike
0-1: Ball
1-1: Fly out, F3 (Flyball, 3D, EV 90.0 MPH)
Batting: LHB Jorge Cruz 0-0: Ground out 1-3 (Groundball, 34S, EV 85.6 MPH)
Batting: RHB Jose Reginalde 0-0: Ball
1-0: Fly out, F8 (Flyball, 8LXD, EV 101.9 MPH)
Top of the 9th over - 0 runs, 0 hits, 0 errors, 0 left on base; Billings 2 - Barton Springs 7
Friday, March 26th, 2021 - OOTP Baseball 20.8 Build 74